 Dungeon Crawl Stone Soup version 0.31-a0-1486-gbe66496 (webtiles) character file.

Game seed: 16953335806016028344

67 blake the Chopper (level 4, -2/40 HPs)
             Began as a Hill Orc Monk on Dec 29, 2023.
             Splashed by a jelly's acid (5 damage)
             ... on level 2 of the Dungeon.
             The game lasted 00:02:57 (928 turns).

blake the Chopper (Hill Orc Monk)                    Turns: 928, Time: 00:02:58

Health: -2/40      AC: -6    Str: 15    XL:     4   Next: 18%
Magic:  4/4        EV: 10    Int: 10    God:
Gold:   43         SH:  4    Dex: 13    Spells: 3/3 levels left

rFire   . . .        a - +0 hand axe
rCold   . . .        n - +0 buckler
rNeg    . . .        h - +0 ring mail
rPois   .            (no helmet)
rElec   .            (no cloak)
rCorr   .            (no gloves)
SInv    .            (no boots)
Will    .....        (no amulet)
Stlth   +            (no ring)
HPRegen 0.26/turn    (no ring)
MPRegen 0.09/turn

%: no passive effects
@: mighty, corroded
A: no striking features
a: no special abilities


You were on level 2 of the Dungeon.
You visited 1 branch of the dungeon, and saw 2 of its levels.

You collected 43 gold pieces.

Inventory:

Hand Weapons
 a - a +0 hand axe (weapon)
Armour
 b - a +0 robe
 d - an orb of light
 g - a +0 leather armour
 h - a +0 ring mail (worn)
 n - a +0 buckler (worn)
Scrolls
 f - a scroll of fear {unknown}
 i - 3 scrolls of identify {unknown}
 j - a scroll of poison {unknown}
 o - a scroll of amnesia {unknown}
Potions
 c - a potion of ambrosia
 k - a potion of degeneration {unknown}
 l - a potion of lignification {unknown}
 m - a potion of mutation {unknown}


   Skills:
 + Level 4.1 Fighting
 + Level 5.0 Axes
 * Level 2.3 Armour
 - Level 2.4 Dodging
 + Level 0.2 Stealth


You had 3 spell levels left.
You didn't know any spells.
Your spell library was empty.

Dungeon Overview and Level Annotations

Branches:
Dungeon (2/15)

Altars:
Cheibriados
Elyvilon
Fedhas
Makhleb
Ru


Message History

Something hits the fungus. x3; The fungus is splashed with acid.
The fungus seems to be corroded for longer.
You hit the jelly.
Your hands burn!
The jelly is moderately wounded.
A nearby fungus withers and dies.
Something hits the fungus.
The jelly hits you but does no damage.
You hit the jelly.
Your hands burn!
The jelly is severely wounded.
The jelly hits you but does no damage.
You hit the jelly.
Your hands burn!
The jelly is almost dead.
The jelly hits you but does no damage.
Something hits the fungus. x2
The jelly hits you but does no damage.
You hit the jelly.
You kill the jelly!
A nearby fungus withers and dies.
Your Axes skill increases to level 5!
You have reached level 4!
You hit the jelly. The acid corrodes you!
Your hands burn!
The jelly is moderately wounded.
The jelly hits you. The acid corrodes you!
You are splashed with acid!
Okay, then.
Press: ? - help, v - describe, . - travel
Here: a jelly (moderately wounded)
An open door.
The jelly attacks as it pursues you! You block the jelly's attack.
The jelly attacks as it pursues you! The jelly barely misses you.
The jelly attacks as it pursues you! The jelly hits you.
* * * LOW HITPOINT WARNING * * *
The acid corrodes you!
You are splashed with acid.
* * * LOW HITPOINT WARNING * * *
Things that are here:
a +0 dagger; a kobold corpse It was a potion of might.
You feel very mighty all of a sudden.
The endoplasm jiggles.
The jelly hits you.
* * * LOW HITPOINT WARNING * * *
You are splashed with acid.
You die...

### #........##..#
####### #######†....##
#..÷...#############.....
#PP....J##......#####.###
#....J.#.#......[##.))#
#_.JPJJ#J#........'.)##
#.....J#J#........'..#
#P_J_÷_#J#'#......'.##
#..÷.J.#@#.#.....##.#
#......#.#.#....#####
#(.÷...##.####### ###


You could see a jelly and 3 endoplasms.

Vanquished Creatures
  A jelly (D:2)
  An adder (D:2)
  4 endoplasms
  2 giant cockroaches
  3 hobgoblins
  9 kobolds
  A ball python (D:1)
  4 bats
  3 frilled lizards (D:1)
  2 rats (D:2)
30 creatures vanquished.

Notes
Turn   | Place    | Note
-------+----------+-------------------------------------------
     0 | D:1      | blake the Hill Orc Monk began the quest for the Orb.
     0 | D:1      | Reached XP level 1. HP: 19/19 MP: 1/1
   207 | D:1      | Reached XP level 2. HP: 24/27 MP: 2/2
   658 | D:2      | Reached skill level 1 in Armour
   658 | D:2      | Reached XP level 3. HP: 15/33 MP: 3/3
   914 | D:2      | Found a sacrificial altar of Ru.
   914 | D:2      | Found a burning altar of Makhleb.
   914 | D:2      | Found a snail-covered altar of Cheibriados.
   914 | D:2      | Found a burning altar of Makhleb.
   914 | D:2      | Found a white marble altar of Elyvilon.
   914 | D:2      | Found a blossoming altar of Fedhas.
   923 | D:2      | Reached skill level 5 in Axes
   923 | D:2      | Reached XP level 4. HP: 28/40 MP: 4/4
   928 | D:2      | Splashed by a jelly's acid

Illustrated notes

Levels and vault maps discovered:
D:1:      lemuel_arrival_tunnels, layout_basic
D:2:      cheibrodos_fertilizer, layout_rooms, minmay_tetromino_o4

Skill      XL: |  1  2  3 |
---------------+----------+-----
Fighting       | 4 |  4.1
Armour         | 1 2 |  2.3
Axes           | 5 |  5.0
Dodging        | |  2.4
Stealth        | |  0.2

Action                     |  1- 3 |  4- 6 || total
---------------------------+-------+-------++-------
  Melee: Hand axe          |    78 |     1 ||    79
    Use: Potion            |       |     1 ||     1
 Armour: Ring mail         |    49 |     3 ||    52
         Leather armour    |     5 |       ||     5
         Robe              |     1 |       ||     1
  Dodge: Dodged            |    33 |     1 ||    34
  Block: Buckler           |     2 |     1 ||     3

Table legend: (Time is in decaauts)
 A = Elapsed time spent in this place.
 B = Non-inter-level travel time spent in this place.
 C = Inter-level travel time spent in this place.
 D = Time resting spent in this place.
 E = Time spent auto-exploring this place.
 F = Levels seen in this place.
 G = Mean time per level.
                   A        B        C        D        E       F      G
               +--------+--------+--------+--------+--------+-----+--------+
         Total |    934 |    898 |     36 |      0 |    699 |   2 |  467.0 |
       Dungeon |    934 |    898 |     36 |      0 |    699 |   2 |  467.0 |
               +--------+--------+--------+--------+--------+-----+--------+

Top non-repeatable levels by time:
     D:1: 627 daAuts
     D:2: 307 daAuts
